[Event "FIDE World School-ch O-13 2025"]
[Site "Vrnjacka Banja"]
[Date "2025.03.27"]
[Round "8.1"]
[White "Zharas, Aldiyar"]
[Black "Yurasov, Matfey"]
[Result "1/2-1/2"]
[Annotator "TA"]
[ECO "B51"]
[WhiteElo "1924"]
[BlackElo "2271"]
[PlyCount "77"]
[EventDate "2025.03.19"]
[EventType "swiss"]
[EventCountry "SRB"]
[SourceTitle "playchess.com"]
[Source "ChessBase"]
[SourceQuality "1"]
[TimeControl "5400+30"]

1. e4 c5 2. Nf3 d6 3. Bb5+ Nd7 4. O-O a6 5. Be2 Ngf6 6. d3 {[%emt 0:00:08] B51: Sicilian: Moscow Variation (3 Bb5+) without 3...Bd7.} g6 7. a4 Bg7 8. a5 {[%emt 0:01:25] White is slightly better.} O-O 9. Kh1 $146 ({Predecessor:} 9. Bd2 b5 10. axb6 Qxb6 11. b3 Nxe4 12. dxe4 Bxa1 13. c3 Qa5 14. Qc2 Nf6 15. Bh6 {0-1 Motylev,A (2603)-Aizenberg,B (2426) ISR-chT Israel 2025 (11.1)}) 9... b5 10. axb6 Bb7 11. Nfd2 Nxb6 12. Nb3 Rc8 13. Bd2 Nfd7 14. Na5 Ba8 15. Bc3 e6 16. Bxg7 Kxg7 17. Na3 (17. Nc3 $16) 17... f5 $11 18. f3 (18. Qd2 {with more complications.} Qe7 19. exf5 Rxf5 20. N3c4) 18... d5 19. exd5 Nxd5 20. N3c4 e5 21. Nb3 Qf6 22. Qe1 Nf4 23. Qf2 Rce8 (23... Bd5 $11) 24. Rae1 ({White should try} 24. Bd1 $14) 24... e4 25. fxe4 (25. Bd1 $11) 25... fxe4 $17 26. dxe4 Rxe4 {[%emt 0:12:46] ...Nxe2 would now be deadly.} 27. Nbd2 {[%emt 0:00:54][%cal Bb3d2,Bd2e4,Be4g5][%mdl 32] [#]} Rd4 (27... Nxg2 $1 $17 {stays on course.} 28. Qxf6+ (28. Qxg2 $2 Rxe2 $19) 28... Nxf6 (28... Rxf6 $2 29. Nxe4 Nxe1 30. Rxe1 $19) 29. Nxe4 Nxe1 (29... Bxe4 30. Ra1 $15) 30. Rxe1 Nxe4 (30... Bxe4+ 31. Kg1 $17)) 28. Bf3 $16 Nd5 (28... Bxf3 $16 29. Qxf3 Qg5) 29. Kg1 (29. Qe2 $18 {Bxd5 is the strong threat.} Qd8 30. c3) 29... Rf4 30. Ne4 Qd4 31. Qxd4+ cxd4 32. Ng5 {[%emt 0:00:25] [#]} Nc5 33. Bxd5 (33. Re5 $14 h6 34. Ne6+ (34. Rxd5 $2 Bxd5 35. Nb6 Bc6 $19) 34... Nxe6 35. Rxe6) 33... Bxd5 (33... Rxf1+ $11 {remains equal.} 34. Rxf1 Rxf1+ 35. Kxf1 Bxd5) 34. Re7+ {[%emt 0:03:32] White attacks} Kg8 35. Rxf4 Rxf4 36. Nb6 {[%emt 0:00:27] White is more active.} (36. Ne5 $16) 36... Bf7 37. b4 d3 $1 38. cxd3 (38. bxc5 $2 {too greedy.} dxc2 39. Re1 Rd4 40. Nxf7 Rd1 41. Nh6+ Kg7 $19) 38... Nxd3 39. Nd7 {[%emt 0:02:46] Weighted Error Value: White=0.22 (precise) /Black=0.27 (precise)   Mistake:       	White=6     	Black=4      Inaccurate:     	White=4     	Black=2      OK:         	White=10    	Black=8      Best:        	White=3     	---        Strong:       	---       	Black=1} 1/2-1/2

[Event "FIDE World School-ch O-13 2025"]
[Site "Vrnjacka Banja"]
[Date "2025.03.27"]
[Round "8.2"]
[White "Rusu, Lucas"]
[Black "Obidov, Biloliddin"]
[Result "1/2-1/2"]
[Annotator "NA RC"]
[ECO "B92"]
[WhiteElo "2049"]
[BlackElo "2020"]
[PlyCount "57"]
[EventDate "2025.03.19"]
[EventType "swiss"]
[EventCountry "SRB"]
[SourceTitle "playchess.com"]
[Source "ChessBase"]
[SourceQuality "1"]
[TimeControl "5400+30"]

1. e4 c5 2. Nf3 d6 3. d4 cxd4 4. Nxd4 Nf6 5. Nc3 a6 6. Be2 e5 7. Nb3 Be7 8. O-O O-O 9. Kh1 Nc6 10. f3 Be6 11. Be3 d5 12. exd5 Nxd5 13. Nxd5 Bxd5 14. c3 Be6 15. f4 exf4 16. Bxf4 Qb6 17. Bf3 a5 18. Qe2 Rfe8 19. Be3 Qc7 20. Qf2 Ne5 21. Bf4 Bd6 22. Qg3 Rad8 23. Nd4 Nxf3 24. Bxd6 Qxd6 25. Qxd6 Rxd6 26. Rxf3 Bd5 27. Rg3 Rg6 28. Rxg6 hxg6 29. Kg1 1/2-1/2

[Event "FIDE World School-ch O-13 2025"]
[Site "Vrnjacka Banja"]
[Date "2025.03.27"]
[Round "8.3"]
[White "Kudrin, Ivan"]
[Black "Ilcic, Aleksa"]
[Result "1/2-1/2"]
[Annotator "NA RC"]
[ECO "E71"]
[WhiteElo "1977"]
[BlackElo "1822"]
[PlyCount "52"]
[EventDate "2025.03.19"]
[EventType "swiss"]
[EventCountry "SRB"]
[SourceTitle "playchess.com"]
[Source "ChessBase"]
[SourceQuality "1"]
[TimeControl "5400+30"]

1. d4 Nf6 2. c4 g6 3. Nc3 Bg7 4. e4 d6 5. h3 O-O 6. Be3 e5 7. d5 Kh8 8. g4 Ng8 9. h4 f5 10. h5 f4 11. hxg6 h6 12. Bd2 Qg5 13. Bh3 Qxg6 14. Nf3 Bf6 15. Qe2 Bg5 16. Nxg5 hxg5 17. f3 Nf6 18. O-O-O Kg7 19. Be1 a5 20. Bf2 b6 21. Kb1 Bd7 22. Bg2 Na6 23. Rh2 Rh8 24. Rdh1 Rxh2 25. Rxh2 Rh8 26. Rxh8 Kxh8 1/2-1/2

[Event "FIDE World School-ch O-13 2025"]
[Site "Vrnjacka Banja"]
[Date "2025.03.27"]
[Round "8.4"]
[White "Samarth Sreeni Warrier"]
[Black "Yang, Maxwell"]
[Result "1/2-1/2"]
[Annotator "NA RC"]
[ECO "A31"]
[WhiteElo "1913"]
[BlackElo "1970"]
[PlyCount "160"]
[EventDate "2025.03.19"]
[EventType "swiss"]
[EventCountry "SRB"]
[SourceTitle "playchess.com"]
[Source "ChessBase"]
[SourceQuality "1"]
[TimeControl "5400+30"]

1. Nf3 c5 2. c4 Nc6 3. Nc3 Nf6 4. d4 cxd4 5. Nxd4 d5 6. cxd5 Nxd5 7. g3 Nxc3 8. bxc3 Qd5 9. Rg1 Bd7 10. Bg2 Qa5 11. Bd2 e5 12. c4 Bb4 13. Nb3 Qa4 14. Bxb4 Qxb4+ 15. Qd2 O-O 16. Qxb4 Nxb4 17. Kd2 Bc6 18. a3 Na6 19. Bxc6 bxc6 20. Kc3 f6 21. Rab1 Rab8 22. Rgd1 Rfc8 23. f3 Rc7 24. Na5 Rb6 25. e4 Kf7 26. h4 Ke7 27. g4 h6 28. Kc2 Nc5 29. Nb3 Ne6 30. Kc3 Rcb7 31. Kc2 g6 32. c5 Rb5 33. a4 Rb4 34. Na5 Rxb1 35. Nxc6+ Kf7 36. Rxb1 Rc7 37. Nb4 Rxc5+ 38. Kd3 Ra5 39. Nc6 Nf4+ 40. Kd2 Rxa4 41. Rb7+ Kf8 42. Rb8+ Kf7 43. Rb7+ Ke8 44. Re7+ Kf8 45. Rxa7 Rxa7 46. Nxa7 Ng2 47. Ke2 Nxh4 48. Kf2 g5 49. Nb5 Ke7 50. Nc3 Ng6 51. Nd5+ Kf7 52. Ne3 Nf4 53. Kg3 Kg6 54. Nf5 Ne6 55. Ne7+ Kh7 56. Nd5 Kg7 57. Ne3 Kg6 58. Nd5 Ng7 59. Ne7+ Kf7 60. Nd5 Ke6 61. Nc7+ Kd6 62. Nd5 Ke6 63. Nc7+ Kf7 64. Nd5 Ne8 65. Ne3 Nd6 66. Nd5 Nc8 67. Ne3 Ne7 68. Nc2 Ke6 69. Ne3 Kd6 70. Kf2 Kc5 71. Nf1 Ng6 72. Ne3 Nf4 73. Kg3 Kd4 74. Nf5+ Kd3 75. Nxh6 Ke2 76. Ng8 Kf1 77. Nxf6 Ne2+ 78. Kh2 Kf2 79. Nd7 Kxf3 80. Nxe5+ Kxe4 1/2-1/2

[Event "FIDE World School-ch O-13 2025"]
[Site "Vrnjacka Banja"]
[Date "2025.03.27"]
[Round "8.5"]
[White "Baturin-Vinogradov, Miroslav"]
[Black "You, Eden"]
[Result "1-0"]
[Annotator "TA"]
[ECO "E11"]
[WhiteElo "1912"]
[BlackElo "2083"]
[PlyCount "37"]
[EventDate "2025.03.19"]
[EventType "swiss"]
[EventCountry "SRB"]
[SourceTitle "playchess.com"]
[Source "ChessBase"]
[SourceQuality "1"]
[TimeControl "5400+30"]

1. d4 Nf6 2. c4 e6 3. Nf3 Bb4+ 4. Bd2 Qe7 5. g3 Nc6 6. Nc3 b6 {[%emt 0:01:21] E11: Bogo-Indian.} 7. Bg2 Bb7 {[%emt 0:00:14][%cal Oc6d4] is the legacy move (7...Na5).} 8. O-O O-O {[%emt 0:00:17] White has an edge.} 9. Rc1 d6 $146 (9... Na5 10. Nb1 Bxd2 11. Qxd2 d6 12. b4 Nc6 13. d5 Nb8 14. Nd4 Kh8 15. Nc3 a5 {1-0 Markus,R (2599)-Dizdarevic,E (2499) Olympiad-40 Istanbul 2012 (4.2)}) 10. d5 Nb8 11. Nd4 e5 12. Nf5 Qd8 13. e4 {[%emt 0:04:09] White has more active pieces. The black rooks are passive.} Bc8 14. g4 Bxf5 15. gxf5 Bxc3 16. Rxc3 Nbd7 17. Kh1 Kh8 18. Bg5 g6 {[%emt 0:04:54] White has space advantage and is better} 19. Rh3 {[%emt 0:11:50] Weighted Error Value: White=0.06 (flawless) /Black=0.13 (very precise)   Inaccurate:     	White=1     	Black=3      OK:         	White=7     	Black=3} 1-0

[Event "FIDE World School-ch O-13 2025"]
[Site "Vrnjacka Banja"]
[Date "2025.03.27"]
[Round "8.6"]
[White "Wijerathna, Vinuka Dihain"]
[Black "Kuntelia, Luka"]
[Result "1-0"]
[Annotator "TA"]
[ECO "B22"]
[WhiteElo "2117"]
[BlackElo "1895"]
[PlyCount "99"]
[EventDate "2025.03.19"]
[EventType "swiss"]
[EventCountry "SRB"]
[SourceTitle "playchess.com"]
[Source "ChessBase"]
[SourceQuality "1"]
[TimeControl "5400+30"]

1. e4 c5 2. Nf3 e6 3. c3 Nf6 4. e5 Nd5 5. d4 cxd4 6. cxd4 d6 7. exd6 Bxd6 8. Nc3 Nxc3 9. bxc3 Nc6 10. Bd3 h6 11. O-O O-O 12. Re1 Bd7 13. Bc2 {[%emt 0:06:49] B22: Sicilian: 2 c3.} Ne7 14. Qd3 Ng6 {[%emt 0:01:03] [#]} 15. h4 $1 {[%emt 0:00:35][%cal Bh2h4,Bh4h5][%mdl 32] White is slightly better.} Re8 (15... Qa5 16. Ne5) 16. h5 Nf8 17. c4 $146 (17. Ne5 Bxe5 18. Rxe5 Bc6 19. c4 Qh4 20. Bb2 f6 21. Re3 Qxh5 22. Rae1 Rad8 23. Rh3 {1-0 Nevednichy,V (2582)-Bouaziz,S (2338) Olympiad-37 Turin 2006 (8)}) 17... Bc6 18. Ne5 Qh4 19. Bd1 Rad8 {[%emt 0:03:09] and ...Bxe5 would now be decisive} 20. Bb2 Bc7 21. Bf3 {[%emt 0:03:45] The board is on fire.} Bxe5 22. Rxe5 Nd7 23. Ree1 Nf6 24. d5 Bd7 (24... exd5 $11 25. Bxf6 Qxf6 26. cxd5 Rxe1+ 27. Rxe1 Qg5) 25. g3 $14 Qh3 26. Bxf6 gxf6 27. Rad1 e5 {[%emt 0:00:43][%csl Od5] White has a strong passed pawn} (27... Kg7 $14) 28. Qe2 b6 29. Rc1 (29. Rd3 $16) 29... Qf5 30. Qe3 Kg7 31. c5 (31. a4 $14) 31... bxc5 $11 32. Rxc5 Rc8 33. g4 (33. Ra5 {looks sharper.} e4 34. Bxe4 Qxh5 35. Rxa7 Bg4 36. d6) 33... Qg5 34. Qxg5+ hxg5 35. Rec1 a6 (35... Rxc5 $11 {remains equal.} 36. Rxc5 e4) 36. Rxc8 $16 Bxc8 {[%emt 0:00:15][%mdl 4096] Endgame KRB-KRB} 37. Rc6 e4 38. Be2 Bb7 {[%emt 0:00:27] [#]} (38... Rd8 $14) 39. Rd6 (39. Bxa6 $1 $16 Bxa6 (39... Bxc6 $2 40. dxc6 Re7 41. Bb7 $18) 40. Rxa6) 39... e3 (39... Re5 $11) 40. fxe3 (40. Bxa6 $2 Bxa6 (40... e2 $2 41. Bxe2 Rxe2 42. f3 $19) 41. fxe3 Bc8 42. h6+ Kg6 $19 (42... Kxh6 $2 43. Rxf6+ Kg7 44. Rc6 $19)) 40... Rxe3 (40... Re5 $1 $14) 41. Kf2 (41. Bxa6 $6 Bxa6 42. Rxa6 Rg3+ 43. Kf2 Rxg4 $11) 41... Re4 {[%emt 0:00:51] [#]} (41... Re5 $16 {was worth a try.}) 42. Rd7 (42. Bxa6 $6 Bxa6 43. Rxa6 Rxg4 $14) (42. Rd8 $1 $18 {and the rest is easy.}) 42... Bc8 {[%emt 0:02:00] [#]} 43. h6+ $1 Kxh6 44. Rxf7 Bxg4 45. Bd3 {[%emt 0:00:30] White is more active.} (45. Rxf6+ Kg7 46. Bd3 (46. Bf3 Ra4 $15) 46... Kxf6 $17) (45. Bxg4 Rxg4 46. Rxf6+ Kg7 47. Rxa6 Rd4 $11) 45... Rf4+ {[%emt 0:00:17][%mdl 8192] This costs Black the game.} ({Black should try} 45... Bh5 $1 $14 46. Bxe4 (46. Rxf6+ Kg7 $16) 46... Bxf7) 46. Ke3 $18 f5 47. d6 $1 {[%emt 0:00:02][%cal Bd5d6,Bd6d7][%mdl 32] And now d7! would win.} ({Stronger than} 47. Bxa6 Re4+ 48. Kd3 Be2+ 49. Kc3 Kg6 $17 (49... Bxa6 50. Rf6+ Kg7 51. Rxa6 $17)) 47... Ra4 $2 (47... Rb4 $18 48. d7 (48. Bxa6 f4+ 49. Kd3 Rb6 $15) (48. Bxf5 Bxf5 49. Rxf5 Rb8 $16) 48... Rb8 (48... f4+ 49. Kd2)) 48. d7 {[%emt 0:00:54] White mates.} f4+ 49. Kd2 Rxa2+ 50. Kc1 {[%emt 0:00:57] Weighted Error Value: White=0.17 (very precise) /Black=0.39  Loses game:     	---       	Black=1      Mistake:       	White=4     	Black=8      Inaccurate:     	White=5     	---        OK:         	White=11    	Black=11     Best:        	White=5     	Black=7      Strong:       	White=1     	---        Brilliant:      	White=1     	---} 1-0

[Event "FIDE World School-ch O-13 2025"]
[Site "Vrnjacka Banja"]
[Date "2025.03.27"]
[Round "8.7"]
[White "Kuzmin, Sevastian"]
[Black "Simiyu Jadon"]
[Result "1-0"]
[Annotator "NA RC"]
[ECO "B90"]
[WhiteElo "1756"]
[BlackElo "1937"]
[PlyCount "111"]
[EventDate "2025.03.19"]
[EventType "swiss"]
[EventCountry "SRB"]
[SourceTitle "playchess.com"]
[Source "ChessBase"]
[SourceQuality "1"]
[TimeControl "5400+30"]

1. e4 c5 2. Nf3 d6 3. d4 cxd4 4. Nxd4 Nf6 5. Nc3 a6 6. Be3 e5 7. Nb3 Be6 8. f3 Be7 9. Qd2 O-O 10. O-O-O Nbd7 11. g4 b5 12. g5 b4 13. gxf6 bxc3 14. Qxc3 Nxf6 15. Na5 Qd7 16. Nc6 Rfc8 17. Nxe7+ Qxe7 18. Qa5 Qd7 19. Bd3 Qc6 20. Kb1 d5 21. Rhg1 g6 22. Ka1 dxe4 23. fxe4 Ng4 24. Bg5 f6 25. Bh4 Rab8 26. b3 Ne3 27. Rc1 Bf7 28. Bf2 Nc4 29. Bxc4 Bxc4 30. bxc4 Qxc4 31. Qd5+ Kg7 32. Qxc4 Rxc4 33. Rge1 h5 34. c3 g5 35. h4 g4 36. Rc2 Kg6 37. Ree2 a5 38. Be1 a4 39. Rb2 Rxb2 40. Kxb2 f5 41. exf5+ Kxf5 42. Bg3 Rc5 43. Kc2 e4 44. Rf2+ Ke6 45. Rf4 Re5 46. c4 e3 47. Kd3 e2 48. Re4 Rxe4 49. Kxe4 e1=B 50. Bxe1 Kd6 51. Kd4 Kc6 52. Bg3 Kd7 53. Kd5 a3 54. c5 Kc8 55. Kc6 Kd8 56. Kb7 1-0

[Event "FIDE World School-ch O-13 2025"]
[Site "Vrnjacka Banja"]
[Date "2025.03.27"]
[Round "8.8"]
[White "Ritesh Maddukuri"]
[Black "Haresh, Venkata Narayanaswam"]
[Result "1-0"]
[Annotator "NA RC"]
[ECO "D00"]
[WhiteElo "1773"]
[BlackElo "1824"]
[PlyCount "101"]
[EventDate "2025.03.19"]
[EventType "swiss"]
[EventCountry "SRB"]
[SourceTitle "playchess.com"]
[Source "ChessBase"]
[SourceQuality "1"]
[TimeControl "5400+30"]

1. d4 Nf6 2. Nf3 g6 3. Nc3 d5 4. Bf4 Bg7 5. e3 O-O 6. Be2 c5 7. Ne5 Nc6 8. O-O Bf5 9. dxc5 Qa5 10. g4 Be6 11. Nb5 Rac8 12. c3 Ne4 13. Nxc6 bxc6 14. b4 Qd8 15. Nd4 Nxc3 16. Qe1 Nxe2+ 17. Qxe2 Bd7 18. Bg5 Qe8 19. Rab1 e5 20. Nc2 f5 21. gxf5 Bxf5 22. f3 h6 23. Bh4 g5 24. Bg3 Qg6 25. Rf2 h5 26. h3 Bxc2 27. Qxc2 Qxc2 28. Rxc2 Rxf3 29. Bf2 Rxh3 30. b5 cxb5 31. c6 d4 32. Kg2 g4 33. Rxb5 dxe3 34. c7 exf2 35. Rb8 f1=Q+ 36. Kxf1 Rf3+ 37. Rf2 Rc3 38. Rxc8+ Kh7 39. Rf7 Kg6 40. Rd7 Rc1+ 41. Ke2 Rc2+ 42. Kd1 Rc6 43. Rg8 Kf6 44. Rdxg7 Rc4 45. Rd7 Ke6 46. Rh7 Rd4+ 47. Ke2 Re4+ 48. Kf2 Rf4+ 49. Kg2 Rc4 50. c8=Q+ Rxc8 51. Rxc8 1-0